 Dungeon Crawl Stone Soup version 0.23.2-1-ga50397a (webtiles) character file.

Game seed: 3069708022491892881

147247 MalarOregon the Brawler (level 17, 0/156 HPs)
             Began as a Ghoul Gladiator on May 28, 2019.
             Was the Champion of Makhleb.
             Shot with an arrow by a naga sharpshooter (7 damage)
             ... on level 3 of the Snake Pit on May 29, 2019.
             The game lasted 01:37:33 (30871 turns).

MalarOregon the Brawler (Ghoul Gladiator)          Turns: 30871, Time: 01:37:34

Health: 0/156      AC: 17    Str: 24    XL:     17   Next: 46%
Magic:  22/22      EV: 19    Int: 10    God:    Makhleb [******]
Gold:   382        SH: 10    Dex: 14    Spells: 2/16 levels left

rFire    . . .     SeeInvis +     - Unarmed
rCold    + . .     Gourm    .   U - +0 buckler
rNeg     + + +     Faith    .   X - +1 ring mail of the Iron City of Dis {rPois rF+ MR+ Int+3}
rPois    ∞         Spirit   .   W - +2 helmet {SInv}
rElec    +         Reflect  +   p - +2 ratskin cloak {+Rats rPois rN+ Str-1 Int-1 Dex+1}
rCorr    .         Harm     .   b - +1 pair of gloves {Dex+3}
MR       ++...                  C - +1 pair of boots
Stlth    ++........             z - +5 amulet of reflection
HPRegen  0.00/turn              V - ring of Benevolence {rElec rF- Str+5 Slay+5 Stlth+, =R}
MPRegen  0.18/turn              N - +3 ring of slaying

@: rotting
A: rotting body, claws 1, carnivore, cold resistance 1, negative energy
resistance 3, inhibited regeneration, torment resistance, unbreathing
a: Minor Destruction, Lesser Servant of Makhleb, Major Destruction, Greater
Servant of Makhleb, Renounce Religion, Evoke Ratskin


You were on level 3 of the Snake Pit.
You worshipped Makhleb.
Makhleb was exalted by your worship.
You were not hungry.

You visited 5 branches of the dungeon, and saw 27 of its levels.
You also visited: Sewer and Ice Cave.

You collected 2745 gold pieces.
You spent 2363 gold pieces at shops.

Inventory:

Hand Weapons
 q - the +6 quarterstaff of the Boar {flame, Dex+4, unknown}
   (You found it on level 4 of the Dungeon)

   It has been specially enchanted to burn those struck by it, causing extra
   injury to most foes and up to half again as much damage against particularly
   susceptible opponents.
   It affects your dexterity (+4).
 s - the +2 spear of Spontaneous Combustion {venom, Str+7 Dex+2, unknown}
   (You found it on level 13 of the Dungeon)

   It poisons the flesh of those it strikes.
   It affects your strength (+7).
   It affects your dexterity (+2).
 L - the +0 hunting sling of Beogh's Envy {velocity, +Fly rPois rF++ Str-5}
   (You found it on level 1 of the Lair of Beasts)

   Any stone fired from it inflicts extra damage.
   It affects your strength (-5).
   It greatly protects you from fire.
   It protects you from poison.
   It lets you fly.
Missiles
 c - 3 throwing nets {!f}
 i - 79 tomahawks (quivered)
 m - 5 tomahawks of returning
 M - 3 steel javelins
Armour
 b - a +1 pair of gloves of dexterity (worn)
   (You bought it in a shop on level 2 of the Orcish Mines)
 o - a +0 shield
   (You took it off an orc on level 4 of the Dungeon)
 p - the +2 ratskin cloak (worn) {+Rats rPois rN+ Str-1 Int-1 Dex+1}
   (You bought it in a shop on level 2 of the Orcish Mines)

   It affects your strength (-1).
   It affects your intelligence (-1).
   It affects your dexterity (+1).
   It protects you from poison.
   It protects you from negative energy.
 r - a +0 large shield
   (You found it on level 5 of the Dungeon)
 C - a +1 pair of boots (worn)
   (You found it on level 6 of the Dungeon)
 U - a +0 buckler (worn)
   (You bought it in a shop on level 2 of the Orcish Mines)
 W - a +2 helmet of see invisible (worn)
   (You bought it in a shop on level 2 of the Orcish Mines)
 X - the +1 ring mail of the Iron City of Dis (worn) {rPois rF+ MR+ Int+3}
   (You bought it in a shop on level 2 of the Orcish Mines)

   It affects your intelligence (+3).
   It protects you from fire.
   It protects you from poison.
   It affects your resistance to hostile enchantments.
Jewellery
 l - an uncursed ring of protection from magic
   (You bought it in a shop on level 7 of the Dungeon)
 z - a +5 amulet of reflection (around neck)
   (You found it on level 6 of the Lair of Beasts)
 N - a +3 ring of slaying (right hand)
   (You found it on level 8 of the Dungeon)
 O - an uncursed ring of ice
   (You found it on level 3 of the Lair of Beasts)
 Q - an uncursed ring of see invisible {unknown}
   (You found it on level 1 of the Snake Pit)
 S - an uncursed ring of fire {unknown}
   (You found it on level 1 of the Snake Pit)
 V - the ring of Benevolence (left hand) {rElec rF- Str+5 Slay+5 Stlth+, =R}
   (You found it on level 15 of the Dungeon)

   [ring of strength]

   It affects your strength (+5).
   It affects your accuracy and damage with ranged weapons and melee attacks
   (+5).
   It makes you vulnerable to fire.
   It insulates you from electricity.
   It makes you more stealthy.
Wands
 t - a wand of flame (9)
   (You bought it in a shop on level 2 of the Snake Pit)
 x - a wand of acid (4)
   (You found it on level 6 of the Lair of Beasts)
 E - a wand of enslavement (5)
   (You found it on level 2 of the Lair of Beasts)
 R - a wand of scattershot (4)
   (You found it on level 2 of the Snake Pit)
Scrolls
 a - 2 scrolls of immolation {!r}
 h - 4 scrolls of fog
 j - a scroll of acquirement {unknown}
 n - 2 scrolls of enchant weapon
 u - 3 scrolls of identify {@r1}
 v - 9 scrolls of teleportation {@r4}
 y - 9 scrolls of magic mapping
 B - 2 scrolls of blinking
 D - 10 scrolls of remove curse {@r2}
 H - a scroll of torment
 J - a scroll of summoning
 P - a scroll of enchant armour
 T - 2 scrolls of random uselessness {unknown}
Potions
 d - 4 potions of brilliance
 f - 7 potions of flight
 k - a potion of might
 w - a potion of haste {@q3}
 A - 2 potions of magic
 F - 2 potions of resistance
 G - a potion of cancellation
 K - 3 potions of agility
Miscellaneous
 Y - a lamp of fire
   (You found it on level 2 of the Snake Pit)
Comestibles
 e - 44 rations {!d}


   Skills:
 + Level 15.2 Fighting
 - Level 1.7 Throwing
 + Level 3.7 Armour
 - Level 12.8 Dodging
 - Level 4.0 Shields
 * Level 20.5 Unarmed Combat
 + Level 9.2 Invocations
 + Level 7.8 Evocations


You had 2 spell levels left.
You knew the following spells:

 Your Spells              Type           Power        Failure   Level  Hunger
a - Shatter               Erth           #.........   100%        9    #######
b - Blink                 Tloc           N/A          65%         2    ###....
f - Mephitic Cloud        Conj/Pois/Air  #.......     86%         3    ####...

Your spell library contained the following spells:

 Spells                   Type           Power        Failure   Level  Hunger
 Corona                   Hex            #......      50%         1    ##.....
 Flame Tongue             Conj/Fire      #....        50%         1    ##.....
 Magic Dart               Conj           #...         50%         1    ##.....
 Call Imp                 Summ           #.......     65%         2    ###....
 Ensorcelled Hibernation  Hex/Ice        #.....       65%         2    ###....
 Shroud of Golubria       Chrm/Tloc      #.........   65%         2    ###....
 Slow                     Hex            #.......     65%         2    ###....
 Throw Flame              Conj/Fire      #.....       65%         2    ###....
 Confuse                  Hex            #.......     86%         3    ####...
 Conjure Flame            Conj/Fire      #.......     86%         3    ####...
 Dazzling Spray           Conj/Hex       #.....       86%         3    ####...
 Gell's Gravitas          Tloc           #.........   86%         3    ####...
 Inner Flame              Hex/Fire       #.......     86%         3    ####...
 Lesser Beckoning         Tloc           #.........   86%         3    ####...
 Static Discharge         Conj/Air       #.......     86%         3    ####...
 Teleport Other           Tloc           #.......     86%         3    ####...
 Tukima's Dance           Hex            #.......     86%         3    ####...
 Cause Fear               Hex            #.........   99%         4    #####..
 Leda's Liquefaction      Hex/Erth       #.........   99%         4    #####..
 Passage of Golubria      Tloc           N/A          99%         4    #####..
 Sticky Flame             Conj/Fire      #.......     99%         4    #####..
 Bolt of Magma            Conj/Fire/Erth #.........   100%        5    ######.
 Fireball                 Conj/Fire      #.........   100%        5    ######.
 Lightning Bolt           Conj/Air       #.........   100%        5    ######.
 Silence                  Hex/Air        #.........   100%        5    ######.
 Yara's Violent Unravell  Hex/Tmut       #.........   100%        5    ######.
 Deflect Missiles         Chrm/Air       #.........   100%        6    #######
 Iron Shot                Conj/Erth      #.........   100%        6    #######
 Discord                  Hex            #.........   100%        8    #######
 Ignition                 Fire           #.........   100%        8    #######
 Tornado                  Air            #.........   100%        9    #######
 Statue Form              Tmut/Erth      Unusable     N/A         6    N/A

Dungeon Overview and Level Annotations

Branches:
Dungeon (15/15)            Temple (1/1) D:4            Lair (6/6) D:10
  Swamp (0/4) Lair:4        Snake (3/4) Lair:3        Slime (0/5) Lair:5
    Orc (2/2) D:12            Elf (0/3) Orc:2        Vaults (0/5) D:14
 Depths (0/5) D:15

Altars:
Ashenzari
Cheibriados
Dithmenos
Elyvilon
Fedhas
Gozag
Hepliaklqana
Kikubaaqudgha
Makhleb
Nemelex Xobeh
Okawaru
Qazlal
Ru
Sif Muna
Trog
Uskayaw
Vehumet
Wu Jian
Xom
Yredelemnul
Zin
The Shining One
Beogh

Shops:
D:5 (   D:7 *   Orc:2 [(=**[=   Snake:2 }

Annotations:
D:2 exclusion: oklob plant
D:4 1 runed translucent door, Telecat's ghost, amateur OpAs
D:5 3 runed translucent doors, RatmanManrat's ghost, novice MiBe


Innate Abilities, Weirdness & Mutations

Your body is rotting away.
You thrive on raw meat.
You are immune to poison.
You have sharp fingernails.
You are carnivorous and can eat meat at any time.
Your flesh is cold resistant. (rC+)
You are immune to negative energy. (rN+++)
You do not regenerate when monsters are visible.
You are immune to unholy pain and torment.
You can survive without breathing.


Message History

The naga sharpshooter gestures wildly while chanting.
The naga sharpshooter magically shoots an arrow.
The arrow hits you!
* * * LOW HITPOINT WARNING * * *
Okay, then.
You feel better. You block the nagaraja's attack.
The naga sharpshooter shoots an arrow.
You reflect the arrow off an invisible shield around you!
The arrow barely misses the naga sharpshooter.
The naga sharpshooter shoots an arrow.
The arrow hits you!
* * * LOW HITPOINT WARNING * * *
You feel better. The nagaraja spits poison at you.
The splash of poison hits you but does no damage.
You resist. You block the nagaraja's attack.
The naga sharpshooter spits poison at you.
The splash of poison hits you but does no damage.
You resist.
You squash the naga sharpshooter like an ant!!!
The naga sharpshooter shoots an arrow.
The arrow hits you.
* * * LOW HITPOINT WARNING * * *
The nagaraja gestures at you while chanting.
You resist with almost no effort.
You feel better. You block the nagaraja's attack.
The naga sharpshooter shoots an arrow.
The arrow completely misses you.
The naga sharpshooter spits poison at you.
The splash of poison hits you but does no damage.
You resist.
You punch the naga sharpshooter! The nagaraja misses you.
The naga sharpshooter mumbles some strange words.
The naga sharpshooter magically shoots an arrow.
The arrow hits you.
* * * LOW HITPOINT WARNING * * *
You feel better.
The nagaraja hits you but does no damage.
The naga sharpshooter casts a spell.
The naga sharpshooter magically shoots an arrow.
The arrow hits you!!
* * * LOW HITPOINT WARNING * * *
The nagaraja hits you from afar with a +0 spear.
* * * LOW HITPOINT WARNING * * *
You feel better.
The nagaraja hits you from afar with a +0 spear.
* * * LOW HITPOINT WARNING * * *
The naga sharpshooter unwields a +0 longbow.
The naga sharpshooter wields a +0 hand axe.
The naga sharpshooter hits you but does no damage.
The naga sharpshooter completely misses you.
The naga sharpshooter shoots an arrow.
The arrow hits you!
You die...

................
#.........................N
#.........................
#.........................
########....................N....
.................................
..............N.................N
.................N..((...........
.............(..@N..(^.(.(.......
######.......(.(.[.(..(.(........
############################


You could see a nagaraja and 2 naga sharpshooters.

Vanquished Creatures
  Jorgrun (D:13)
  Asterion (Snake:1)
  Kirke (Lair:5)
  A nagaraja (Snake:1)
  An orc warlord (Orc:2)
  6 dire elephants (Lair:6)
  Josephine (Lair:4)
  9 naga warriors
  9 hydras
  9 anacondas
  3 centaur warriors
  3 ogre magi (D:15)
  9 two-headed ogres
  2 orc high priests (Orc:2)
  5 death yaks
  6 shock serpents
  3 naga sharpshooters
  Sonja (D:12)
  4 skeletal warriors (D:15)
  A wizard (D:15)
  2 unseen horrors (D:12)
  A deep elf archer (D:14)
  2 naga ritualists
  6 deep elf magi
  A wolf spider zombie (D:13)
  9 mana vipers
  2 orc knights
  An orb spider (shapeshifter) (D:14)
  24 ugly things
  9 orc sorcerers
  3 salamanders
  4 cyclopes
  Maurice (D:13)
  4 guardian serpents
  2 manticores
  17 elephants
  2 ice statues (IceCv)
  20 black mambas
  Psyche (D:10)
  A gargoyle (D:10)
  9 naga magi
  A torpor snail (Lair:4)
  18 spiny frogs
  2 centaur skeletons
  A freezing wraith (D:15)
  A rime drake (Lair:4)
  4 yaktaurs (D:14)
  A kobold demonologist (D:8)
  6 komodo dragons
  An efreet (D:15)
  A queen bee (D:9)
  8 trolls
  2 tyrant leeches (Lair:4)
  5 blink frogs
  A hornet (D:13)
  13 hippogriffs
  A slime creature (Lair:3)
  A raiju (shapeshifter) (D:15)
  Sigmund (D:6)
  3 shadows
  A human (D:8)
  9 wraiths
  41 yaks
  3 basilisks
  4 fire bats (D:14)
  2 wyverns
  3 hogs
  A steam dragon (D:10)
  4 wargs (Orc:2)
  16 nagas
  11 vampire mosquitoes
  13 water moccasins
  2 acid dragons
  A hell hound (D:14)
  6 porcupines
  A hornet zombie (D:10)
  33 orc warriors
  2 black bears (D:10)
  16 ice beasts
  4 sky beasts
  15 ogres
  A tengu (shapeshifter) (D:15)
  2 eyes of draining
  19 wolves
  4 boggarts
  12 centaurs
  17 crocodiles
  7 big kobolds
  17 bullfrogs
  A scorpion (D:5)
  10 wights
  22 killer bees (D:9)
  A howler monkey (D:6)
  3 electric eels (Lair:4)
  7 crimson imps
  A bullfrog zombie (D:12)
  5 hounds
  2 lava snakes (D:14)
  17 orc priests
  3 centaur zombies
  19 orc wizards
  3 bullfrog skeletons
  8 jellies
  Jessica (D:2)
  3 iguanas
  Terence (D:2)
  6 hell rats
  9 worker ants
  2 hound zombies
  2 hound skeletons
  A howler monkey zombie (D:5)
  2 worker ant zombies
  A howler monkey skeleton (D:6)
  3 gnolls (Orc:1)
  29 adders
  12 river rats
  2 shadow imps
  15 oozes (Lair:3)
  2 adder skeletons
  2 worms
  5 leopard geckos
  99 orcs
  3 bat skeletons (D:2)
  A bat zombie (D:2)
  8 giant cockroaches
  2 goblins (D:2)
  6 hobgoblins
  11 jackals
  4 quokkas
  14 ball pythons
  5 bats
  9 frilled lizards
  30 kobolds
  A leopard gecko skeleton (D:6)
  2 quokka zombies (D:2)
  32 rats
  2 fire vortices (D:14)
  3 fungi
  2 plants (Lair:6)
969 creatures vanquished.

Vanquished Creatures (collateral kills)
  A two-headed ogre (D:13)
  2 tengu conjurers (D:13)
  A water moccasin (Lair:5)
  An orc warrior (D:13)
  A bullfrog (D:12)
  An orc wizard (D:12)
  2 orcs (D:13)
9 creatures vanquished.

Vanquished Creatures (others)
  An orc high priest (Orc:2)
  2 humans (Lair:6)
  An orc (D:13)
  A fire vortex (D:14)
  29 fungi
  32 plants
66 creatures vanquished.

Grand Total: 1044 creatures vanquished

Notes
Turn   | Place    | Note
-------+----------+-------------------------------------------
     0 | D:1      | MalarOregon the Ghoul Gladiator began the quest for the
                  | Orb.
     0 | D:1      | Reached XP level 1. HP: 17/17 MP: 0/0
   122 | D:1      | Reached XP level 2. HP: 18/25 MP: 1/1
   596 | D:2      | Reached skill level 4 in Unarmed Combat
   596 | D:2      | Reached XP level 3. HP: 23/30 MP: 2/2
   777 | D:2      | Reached XP level 4. HP: 35/37 MP: 3/3
   868 | D:2      | Noticed Jessica
   878 | D:2      | Killed Jessica
   894 | D:2      | Noticed Terence
   897 | D:2      | Noticed a +0 hand axe
   897 | D:2      | Noticed a +0 hand axe
   950 | D:2      | Reached XP level 5. HP: 27/45 MP: 4/4
  1097 | D:2      | Killed Terence
  1097 | D:2      | Reached skill level 5 in Unarmed Combat
  1204 | D:2      | Found a hide-covered altar of Uskayaw.
  1331 | D:2      | Found a blossoming altar of Fedhas.
  1342 | D:2      | Noticed an oklob plant
  2055 | D:3      | Found a white marble altar of Elyvilon.
  2055 | D:3      | Found a sacrificial altar of Ru.
  2060 | D:3      | Found a bloodstained altar of Trog.
  2062 | D:3      | Found a basalt altar of Yredelemnul.
  2064 | D:3      | Found a faded altar of an unknown god.
  2553 | D:3      | Reached XP level 6. HP: 31/52 MP: 5/5
  2914 | D:4      | Found a staircase to the Ecumenical Temple.
  2932 | Temple   | Entered the Ecumenical Temple
  3166 | D:4      | Reached skill level 6 in Unarmed Combat
  3203 | D:4      | Found a runed translucent door.
  3203 | D:4      | Noticed Telecat's ghost (amateur OpAs)
  3402 | D:4      | Found a shadowy altar of Dithmenos.
  3464 | D:4      | Reached XP level 7. HP: 43/60 MP: 6/6
  3629 | D:4      | Got an iridescent quarterstaff
  3709 | D:5      | Entered Level 5 of the Dungeon
  3867 | D:5      | Found a glowing drain.
  3887 | Sewer    | Entered a sewer
  4029 | Sewer    | Reached skill level 7 in Unarmed Combat
  4242 | Sewer    | Reached skill level 5 in Fighting
  4247 | Sewer    | Reached XP level 8. HP: 29/68 MP: 7/7
  4421 | D:5      | Reached skill level 5 in Dodging
  4612 | D:5      | Found Wimauc's Antique Weapon Boutique.
  4775 | D:5      | Found a runed translucent gate.
  4776 | D:5      | Noticed RatmanManrat's ghost (novice MiBe)
  4777 | D:5      | Found a runed translucent gate.
  4777 | D:5      | Found a runed translucent gate.
  4814 | D:5      | Reached skill level 8 in Unarmed Combat
  5044 | D:6      | Noticed Sigmund
  5054 | D:6      | Killed Sigmund
  5354 | D:6      | Reached skill level 9 in Unarmed Combat
  5429 | D:6      | Found a sparkling altar of Nemelex Xobeh.
  5429 | D:6      | Found a snail-covered altar of Cheibriados.
  5429 | D:6      | Found a burning altar of Makhleb.
  5469 | D:6      | Became a worshipper of Makhleb the Destroyer
  5607 | D:6      | Reached XP level 9. HP: 55/77 MP: 8/8
  6198 | D:7      | Found Sukk's Assorted Antiques.
  6203 | D:7      | Bought an inky potion for 20 gold pieces
  6203 | D:7      | Bought a scroll of torment for 172 gold pieces
  6203 | D:7      | Bought a potion of curing for 69 gold pieces
  6203 | D:7      | Bought an opal ring for 115 gold pieces
  6646 | D:8      | Reached skill level 10 in Unarmed Combat
  6680 | D:8      | Reached * piety under Makhleb
  7005 | D:9      | Noticed a kobold demonologist
  7034 | D:9      | Noticed an orange demon
  7038 | D:8      | Killed a kobold demonologist
  7248 | D:9      | Noticed a queen bee
  7382 | D:9      | Reached skill level 11 in Unarmed Combat
  7418 | D:9      | Reached XP level 10. HP: 70/88 MP: 9/9
  7836 | D:9      | Reached ** piety under Makhleb
  8119 | D:10     | Entered Level 10 of the Dungeon
  8123 | D:10     | Noticed Psyche
  8355 | D:10     | Reached skill level 12 in Unarmed Combat
  8420 | D:10     | Found a staircase to the Lair.
  8839 | D:10     | Noticed a two-headed ogre
  8934 | D:10     | Killed a two-headed ogre
  8934 | D:10     | Reached XP level 11. HP: 61/97 MP: 10/10
  9195 | D:10     | Reached skill level 13 in Unarmed Combat
  9344 | D:10     | Killed Psyche
  9617 | D:11     | Noticed a brown ugly thing
  9630 | D:11     | Killed a brown ugly thing
  9702 | D:11     | Got a smoking short sword
  9760 | D:11     | Reached *** piety under Makhleb
  9773 | D:11     | Noticed a cyclops
  9789 | D:11     | Killed a cyclops
  9879 | D:11     | Noticed a manticore
  9928 | D:11     | Noticed a cyan ugly thing
  9938 | D:11     | Killed a cyan ugly thing
 10187 | D:11     | Reached skill level 10 in Fighting
 10334 | D:11     | Killed a manticore
 10461 | D:12     | Noticed Sonja
 10510 | D:12     | Noticed a deep elf mage
 10717 | Lair:1   | Entered Level 1 of the Lair of Beasts
 10825 | Lair:1   | Reached skill level 14 in Unarmed Combat
 10995 | Lair:1   | Got an encrusted hunting sling
 11030 | Lair:1   | Reached XP level 12. HP: 90/107 MP: 11/11
 11074 | Lair:1   | Reached **** piety under Makhleb
 11156 | Lair:1   | You fall through a shaft!
 11179 | Lair:2   | Noticed a four-headed hydra
 11217 | Lair:2   | Killed a four-headed hydra
 11604 | Lair:2   | Reached skill level 15 in Unarmed Combat
 12602 | Lair:3   | Reached skill level 10 in Dodging
 12977 | Lair:3   | Reached ***** piety under Makhleb
 12988 | Lair:3   | Reached XP level 13. HP: 99/115 MP: 12/12
 13000 | Lair:3   | Reached skill level 16 in Unarmed Combat
 13023 | Lair:3   | Found a staircase to the Snake Pit.
 13780 | Lair:4   | Noticed Josephine
 14022 | Lair:4   | Killed Josephine
 14056 | Lair:4   | Found a white marble altar of Elyvilon.
 14809 | Lair:4   | Reached skill level 17 in Unarmed Combat
 14983 | Lair:4   | Found a staircase to the Swamp.
 15243 | Lair:5   | Found a staircase to the Slime Pits.
 15809 | Lair:6   | Entered Level 6 of the Lair of Beasts
 16117 | Lair:5   | Found a staircase to the Slime Pits.
 16348 | Lair:6   | Reached XP level 14. HP: 106/127 MP: 13/13
 16396 | Lair:6   | Reached skill level 1 in Invocations
 16466 | Lair:6   | Reached skill level 1 in Evocations
 16526 | Lair:6   | Noticed Kirke
 16547 | Lair:5   | Killed Kirke
 16631 | Lair:5   | Reached ****** piety under Makhleb
 17693 | Lair:6   | Noticed a dire elephant
 17718 | Lair:6   | Noticed a dire elephant
 17913 | Lair:6   | Noticed a dire elephant
 17940 | Lair:6   | Killed a dire elephant
 18051 | Lair:6   | Noticed a dire elephant
 18064 | Lair:6   | Killed a dire elephant
 18064 | Lair:6   | Reached skill level 18 in Unarmed Combat
 18118 | Lair:6   | Killed a dire elephant
 18253 | Lair:6   | Noticed a dire elephant
 18253 | Lair:6   | Noticed a dire elephant
 18264 | Lair:6   | Killed a dire elephant
 18277 | Lair:6   | Killed a dire elephant
 18303 | Lair:6   | Got a brightly glowing broad axe
 18456 | Lair:6   | Killed a dire elephant
 19349 | D:12     | Killed Sonja
 19499 | D:12     | Found a sacrificial altar of Ru.
 20015 | D:12     | Found a staircase to the Orcish Mines.
 20049 | Orc:1    | Entered Level 1 of the Orcish Mines
 20757 | Orc:2    | Entered Level 2 of the Orcish Mines
 20757 | Orc:2    | Found Ugetod's General Store.
 20771 | Orc:2    | Reached XP level 15. HP: 134/137 MP: 17/17
 20789 | Orc:2    | Found Cujung's Antique Armour Shoppe.
 20975 | Orc:2    | Reached skill level 5 in Invocations
 20980 | Orc:2    | Paralysed by an orc sorcerer for 6 turns
 20982 | Orc:2    | Noticed an orc warlord
 21701 | Orc:2    | Found a staircase to the Elven Halls.
 21712 | Orc:2    | Killed an orc warlord
 21726 | Orc:2    | Found Afuasser's Mass Market.
 21844 | Orc:2    | Bought a transparent leather armour for 189 gold pieces
 21844 | Orc:2    | Bought a buckler for 121 gold pieces
 21854 | Orc:2    | Bought a pair of gloves for 121 gold pieces
 21854 | Orc:2    | Bought a glowing helmet for 202 gold pieces
 21874 | Orc:2    | Identified the +0 leather armour "Xocoi" {+Inv rPois Int+4}
                  | (You bought it in a shop on level 2 of the Orcish Mines)
 21899 | Orc:2    | Identified the cursed +0 hunting sling of Beogh's Envy
                  | {velocity, +Fly rPois rF++ Str-5} (You found it on level 1
                  | of the Lair of Beasts)
 21922 | Orc:2    | Identified the +11 short sword "Vapni" {flame, +Blink
                  | rPois} (You found it on level 11 of the Dungeon)
 21923 | Orc:2    | Identified the +7 broad axe of the Countless Shrikes
                  | {freeze, -Tele rElec rPois Int+3} (You found it on level 6
                  | of the Lair of Beasts)
 22003 | Orc:2    | Found Juhilurr's Jewellery Boutique.
 22008 | Orc:2    | Found Nynann's Antique Weapon Emporium.
 22116 | Orc:2    | Found Zihefaa's Armour Shop.
 22124 | Orc:2    | Bought a +1 pair of gloves of dexterity for 247 gold pieces
 22135 | Orc:2    | Bought the +2 ratskin cloak {+Rats rPois rN+ Str-1 Int-1
                  | Dex+1} for 417 gold pieces
 22135 | Orc:2    | Found the +2 ratskin cloak {+Rats rPois rN+ Str-1 Int-1
                  | Dex+1}
 22174 | Orc:2    | Found Mukluno's Jewellery Shop.
 22734 | Orc:2    | Found a roughly hewn altar of Beogh.
 23211 | D:13     | Noticed Jorgrun
 23218 | D:13     | Killed Jorgrun
 23218 | D:13     | Reached skill level 1 in Shields
 23498 | D:13     | Reached skill level 5 in Evocations
 23514 | D:13     | Noticed Maurice
 23519 | D:13     | Paralysed by Maurice for 5 turns
 23528 | D:13     | Paralysed by Maurice for 6 turns
 23536 | D:13     | Killed Maurice
 23542 | D:13     | Got a jewelled spear
 23666 | D:13     | Noticed a sphinx
 24451 | D:14     | Reached skill level 19 in Unarmed Combat
 25003 | D:14     | Reached XP level 16. HP: 114/146 MP: 7/20
 25192 | D:14     | Found a gate to the Vaults.
 25457 | D:15     | Entered Level 15 of the Dungeon
 25510 | D:15     | Paralysed by an ogre mage for 7 turns
 25834 | D:15     | Found a frozen archway.
 25870 | IceCv    | Entered an ice cave
 25912 | IceCv    | Found a transporter.
 25953 | IceCv    | Found a transporter.
 26295 | D:15     | Paralysed by a wizard for 6 turns
 26346 | D:15     | Found a staircase to the Depths.
 26380 | D:15     | Got a scintillating brass ring
 26389 | D:15     | Identified the ring of Benevolence {rElec rF- Str+5 Slay+5
                  | Stlth+} (You found it on level 15 of the Dungeon)
 26600 | Orc:2    | Bought the +1 ring mail of the Iron City of Dis {rPois rF+
                  | MR+ Int+3} for 586 gold pieces
 26702 | D:12     | Learned a level 2 spell: Blink
 26706 | D:12     | Learned a level 3 spell: Mephitic Cloud
 26716 | D:12     | Learned a level 9 spell: Shatter
 26782 | Snake:1  | Entered Level 1 of the Snake Pit
 27064 | Snake:1  | Reached skill level 1 in Armour
 27858 | Snake:1  | Reached skill level 20 in Unarmed Combat
 28409 | Snake:2  | Found Caybeid's Gadget Emporium.
 28410 | Snake:2  | Noticed Asterion
 28463 | Snake:2  | Noticed a nagaraja
 28469 | Snake:1  | Killed a nagaraja
 28469 | Snake:1  | Reached XP level 17. HP: 148/154 MP: 22/22
 28513 | Snake:1  | Killed Asterion
 28807 | Snake:2  | Reached skill level 15 in Fighting
 28849 | Snake:2  | Bought a wand of flame (9) for 104 gold pieces
 30870 | Snake:3  | HP: 7/156 [nagaraja/+0 spear (2)]
 30871 | Snake:3  | Shot with an arrow by a naga sharpshooter

Skill      XL: |  1  2  3  4  5  6  7  8  9 10 11 12 13 14 15 16 17 |
---------------+----------------------------------------------------+-----
Dodging        | 3 4 5 6 8 9 10 11 12 | 12.8
Unarmed Combat | 4 5 6 7 9 11 12 14 15 17 18 19 20 | 20.5
Fighting       | 3 4 5 6 7 9 10 11 12 13 14 15 | 15.2
Invocations    | 4 6 8 9 |  9.2
Evocations     | 4 5 7 |  7.8
Shields        | 3 4 |  4.0
Armour         | 2 3 |  3.7
Throwing       | |  1.7

Action                   |  1- 3 |  4- 6 |  7- 9 | 10-12 | 13-15 | 16-18 || total
-------------------------+-------+-------+-------+-------+-------+-------++-------
Melee: Unarmed           |   108 |   241 |   449 |   747 |  1488 |   729 ||  3762
       Punch             |     1 |     3 |    12 |    42 |    74 |       ||   132
Throw: Tomahawk          |       |       |       |    14 |     5 |       ||    19
Invok: Lesser Servant of |       |       |       |       |     3 |     1 ||     4
Evoke: Wand              |       |       |       |    12 |    19 |    10 ||    41
       Phantom mirror    |       |       |       |       |       |     1 ||     1
  Use: Scroll            |     1 |     9 |    10 |     6 |    19 |     6 ||    51
       Potion            |     1 |     5 |     1 |     8 |    11 |     6 ||    32
 Stab: Sleeping          |       |     1 |       |       |       |     2 ||     3
       Invisible         |       |       |     3 |       |     3 |       ||     6
       Distracted        |       |       |       |     1 |       |     1 ||     2
       Paralysed         |       |       |       |       |    11 |       ||    11
       Confused          |       |       |       |       |     1 |       ||     1
  Eat: Chunk             |     2 |     9 |    15 |    48 |    61 |    39 ||   174
       Ration            |       |       |       |       |     1 |       ||     1
Armor: Leather armour    |    39 |    60 |    73 |   116 |   238 |    70 ||   596
       Ring mail         |       |       |       |       |       |   113 ||   113
Dodge: Dodged            |    80 |   201 |   365 |   663 |  1177 |   506 ||  2992
Block: Buckler           |       |       |       |       |    91 |   273 ||   364
       Reflection        |       |       |       |       |       |    18 ||    18
